 Dungeon Crawl Stone Soup version 0.24.0-13-gcf9b319 (webtiles) character file.

Game seed: 13596944726282374526, levelgen mode: deterministic

2643 Fang the Shield-Bearer (level 9, -4/59 HPs)
             Began as a Gargoyle Fighter on Dec 20, 2019.
             Was a Follower of Trog.
             Killed from afar by a deep elf mage (18 damage)
             ... with a lance of force
             ... on level 7 of the Dungeon.
             The game lasted 00:07:17 (6466 turns).

Fang the Shield-Bearer (Gargoyle Fighter)           Turns: 6466, Time: 00:07:18

Health: -4/59      AC: 23    Str: 20    XL:     9   Next: 62%
Magic:  9/9        EV:  5    Int: 10    God:    Trog [*.....]
Gold:   352        SH: 10    Dex:  9    Spells: 8/8 levels left

rFire    + . .     SeeInvis .   a - +1 war axe
rCold    . . .     Gourm    .   c - +0 shield
rNeg     + . .     Faith    .   b - +0 plate armour
rPois    ∞         Spirit   .   (no helmet)
rElec    +         Reflect  .   (no cloak)
rCorr    .         Harm     .   (no gloves)
MR       .....                  e - +2 pair of boots
Stlth    ..........             (no amulet)
HPRegen  0.19/turn              k - -2 ring of strength (curse)
MPRegen  0.11/turn              p - ring of protection from fire

@: berserk cooldown, slowed, very slow
A: negative energy resistance 1, electricity resistance, unbreathing,
petrification resistance, rot immunity, AC +6
a: Berserk, Renounce Religion


You were on level 7 of the Dungeon.
You worshipped Trog.
Trog was aware of your devotion.
You were very hungry.

You visited 2 branches of the dungeon, and saw 8 of its levels.

You collected 352 gold pieces.

Inventory:

Hand Weapons
 a - a +1 war axe (weapon)
Armour
 b - a +0 plate armour (worn)
 c - a +0 shield (worn)
 e - a +2 pair of boots (worn)
Jewellery
 k - a cursed -2 ring of strength (left hand)
 p - a ring of protection from fire (right hand)
 w - a +3 ring of dexterity
Wands
 g - a wand of digging (1)
 h - a wand of flame (15)
 s - a wand of random effects (17)
Scrolls
 d - 3 scrolls of enchant armour
 j - 4 scrolls of identify
 l - a scroll of immolation {unknown}
 o - 2 scrolls of remove curse
 v - 2 scrolls of enchant weapon
Potions
 i - 2 potions of mutation
 m - 3 potions of flight
 n - 3 potions of resistance
 r - a potion of brilliance {unknown}
 u - a potion of cancellation
 z - a potion of curing
 B - a potion of ambrosia
Comestibles
 f - 18 rations
 q - 6 chunks of flesh


   Skills:
 + Level 7.8 Fighting
 + Level 6.0 Axes
 + Level 7.7 Armour
 + Level 7.8 Shields


You had 8 spell levels left.
You didn't know any spells.
Your spell library was empty.

Dungeon Overview and Level Annotations

Branches:
Dungeon (7/15)             Temple (1/1) D:6

Altars:
Cheibriados
Dithmenos
Elyvilon
Fedhas
Hepliaklqana
Makhleb
Nemelex Xobeh
Okawaru
Ru
Trog
Uskayaw
Vehumet
Wu Jian
Xom
Zin
Lugonu

Shops:
D:5 [

Annotations:
D:4 3 runed translucent doors, ohno's ghost, amateur NaFi
D:6 2 runed translucent doors, benadryl's ghost, novice OpAs


Innate Abilities, Weirdness & Mutations

You are resistant to torment.
Your stone body is resilient. (AC +6)
You are immune to poison.
You resist negative energy. (rN+)
You are resistant to electric shocks. (rElec)
You can survive without breathing.
You are immune to petrification.
You are immune to rotting.


Message History

The deep elf mage is almost dead.
The deep elf mage hits you but does no damage.
You closely miss the deep elf mage.
The deep elf mage is almost dead.
You are no longer berserk.
You are exhausted.
You feel yourself slow down.
The deep elf mage points at you and mumbles some strange words.
You block the lance of force.
You hit the deep elf mage but do no damage.
The deep elf mage is almost dead.
The deep elf mage hits you but does no damage. x2
You hit the deep elf mage.
The deep elf mage is almost dead.
The deep elf mage hits you but does no damage.
You miss the deep elf mage.
The deep elf mage is almost dead.
The deep elf mage gestures at you while chanting.
The lance of force hits you!!
You die...

.............................#
###################.>........##
.....)........................###
#####.###############............
#....))...# #. #.######.....
#.###.###.# #* #.# ######
#.#(..#.#.# #. #.# #
#.###.#.#.####+e+####.# #
#....♣....#....#@...#.# #
#.#.#.###.# +.+####)# #
#.#)#...#.# #.# #.# # #.###.###.#
#.# #.. # #.........# #.# #
#####.#########.#####
#.#.#.#.#.#........)#
#.......##.#.#.#.#.#
#..###÷...#.........#


You could see a deep elf mage and a battlesphere.

Vanquished Creatures
  2 hippogriffs (D:7)
  A water moccasin (D:7)
  2 orc warriors
  3 ogres
  A centaur (D:5)
  Blork the orc (D:5)
  A gnoll sergeant (D:7)
  5 bullfrogs
  A howler monkey (D:7)
  5 crimson imps
  2 jellies (D:6)
  A quasit (D:5)
  Crazy Yiuf (D:3)
  2 centaur skeletons
  4 hounds
  2 orc priests (D:3)
  2 orc wizards (D:6)
  A bullfrog skeleton (D:4)
  5 worker ants
  2 iguanas
  A hound zombie (D:7)
  A hound skeleton (D:6)
  3 worker ant zombies
  Robin (D:4)
  6 gnolls
  11 adders
  A shadow imp (D:7)
  An adder skeleton (D:7)
  2 adder zombies
  2 worms
  2 dart slugs
  2 leopard geckos (D:4)
  21 orcs
  A ball python (D:2)
  11 bats
  4 giant cockroaches
  14 goblins
  12 hobgoblins
  7 jackals
  A quokka (D:4)
  3 frilled lizards
  12 kobolds
  A quokka skeleton (D:4)
  6 rats
170 creatures vanquished.

Notes
Turn   | Place    | Note
-------+----------+-------------------------------------------
     0 | D:1      | Fang the Gargoyle Fighter began the quest for the Orb.
     0 | D:1      | Reached XP level 1. HP: 14/14 MP: 1/1
   144 | D:1      | Reached XP level 2. HP: 19/19 MP: 2/2
   292 | D:1      | Reached XP level 3. HP: 21/23 MP: 3/3
   747 | D:2      | Found a hide-covered altar of Uskayaw.
   835 | D:2      | You fall into a shaft and drop 2 floors!
   850 | D:4      | Found an iron altar of Okawaru.
   876 | D:4      | Reached XP level 4. HP: 11/29 MP: 4/4
  1255 | D:4      | Noticed Robin
  1264 | D:4      | Killed Robin
  1578 | D:4      | Reached XP level 5. HP: 33/33 MP: 5/5
  1654 | D:4      | Found a radiant altar of Vehumet.
  1683 | D:4      | Noticed an ogre
  1694 | D:4      | Killed an ogre
  1694 | D:4      | Reached XP level 6. HP: 11/39 MP: 6/6
  2082 | D:4      | Found a runed translucent gate.
  2083 | D:4      | Found a runed translucent gate.
  2084 | D:4      | Found a runed translucent gate.
  2494 | D:4      | Noticed ohno's ghost (amateur NaFi)
  2504 | D:4      | Reached skill level 5 in Fighting
  2504 | D:4      | Reached skill level 5 in Shields
  2668 | D:3      | Reached skill level 5 in Armour
  2744 | D:3      | Reached XP level 7. HP: 44/44 MP: 7/7
  3530 | D:3      | Found a runed translucent door.
  3531 | D:3      | Noticed Crazy Yiuf
  3647 | D:3      | Found a blossoming altar of Fedhas.
  3647 | D:3      | Found a hazy altar of Hepliaklqana.
  3805 | D:3      | Killed Crazy Yiuf
  4405 | D:5      | Entered Level 5 of the Dungeon
  4406 | D:5      | Found Zathoc's Antique Armour Emporium.
  4589 | D:5      | Noticed Blork the orc
  4600 | D:5      | Killed Blork the orc
  4600 | D:5      | Reached XP level 8. HP: 50/51 MP: 8/8
  4862 | D:5      | Found a shimmering altar of Xom.
  5206 | D:6      | Found a staircase to the Ecumenical Temple.
  5219 | Temple   | Entered the Ecumenical Temple
  5234 | Temple   | Became a worshipper of Trog the Wrathful
  5418 | D:6      | Found a large runed translucent door.
  5418 | D:6      | Found a large runed translucent door.
  5420 | D:6      | Noticed benadryl's ghost (novice OpAs)
  5431 | D:6      | Reached skill level 5 in Axes
  5503 | D:6      | Found an ornate altar of the Wu Jian Council.
  5529 | D:6      | Found a shadowy altar of Dithmenos.
  5533 | D:6      | Found a white marble altar of Elyvilon.
  5646 | D:6      | Found a sacrificial altar of Ru.
  6025 | D:7      | Reached XP level 9. HP: 53/57 MP: 9/9
  6171 | D:7      | Reached * piety under Trog
  6447 | D:7      | Noticed a deep elf mage
  6466 | D:7      | Killed from afar by a deep elf mage

Levels and vault maps discovered:
D:1:      lightli_arrival_quake, layout_loops_ring, chequers_garden,
          corner_web_ring
D:2:      layout_basic, eat_drink_and_be_merry_uskayaw, minmay_misc_feat_square,
          supply_closet_lemuel
D:3:      layout_basic, gammafunk_temple_overflow_elements, kennysheep_potato,
          uniq_crazy_yiuf_cottage
D:4:      layout_basic, old_standard_altar, ebering_ghost_rock_garden,
          vehumet_altar_wand_db, uniq_robin
D:5:      layout_loops_ring, lemuel_round_altar, first_ration, serial_shops,
          shop, uniq_blork_the_orc
D:6:      layout_cave_pools, nicolae_ru_the_path_less_chosen,
          gammafunk_temple_overflow_forgotten, temple_fountains,
          ebering_ghost_disaster_area, minmay_chambers_of_fives
D:7:      layout_rooms, overflow_temple_1_default, kennysheep_mini_moat,
          minmay_the_grid_2x2 [minmay_the_grid_medium_cups,
          minmay_the_grid_tiny_cups, minmay_the_grid_minigrid_small,
          minmay_the_grid_prize_four_corners]
Temple:   corrupted_temple

Skill      XL: |  1  2  3  4  5  6  7  8  9 |
---------------+----------------------------+-----
Axes           | 2 3 4 5 6 |  6.0
Fighting       | 4 5 7 |  7.8
Shields        | 4 5 7 |  7.8
Armour         | 4 5 6 7 |  7.7

Action                   |  1- 3 |  4- 6 |  7- 9 || total
-------------------------+-------+-------+-------++-------
Melee: War axe           |   161 |   106 |   384 ||   651
Invok: Berserk           |       |       |     2 ||     2
  Use: Scroll            |       |     4 |    12 ||    16
       Potion            |       |     2 |       ||     2
  Eat: Chunk             |       |     6 |    14 ||    20
Armor: Scale mail        |    85 |    62 |    15 ||   162
       Chain mail        |       |       |   179 ||   179
       Plate armour      |       |       |   131 ||   131
Dodge: Dodged            |    58 |    44 |   109 ||   211
Block: Shield            |    98 |    68 |   279 ||   445
